 Dungeon Crawl Stone Soup version 0.30-a0-313-gae38170b09 (webtiles) character file.

Game seed: 11557487898197112824

1633861 Angani the Eternal Night (level 25, 212/212 (231) HPs)
             Began as a White Draconian Hunter on Oct 23, 2022.
             Was the Champion of Dithmenos.
             Escaped with the Orb
             ... and 3 runes on Oct 26, 2022!
             The game lasted 03:13:51 (68540 turns).

Angani the Eternal Night (White Draconian Hunter)  Turns: 68540, Time: 03:13:52

HP:   212/212 (231) AC: 24    Str: 17    XL:     25   Next: 11%
MP:   38/38         EV: 29    Int:  9    God:    Dithmenos [******]
Gold: 4600          SH: 26    Dex: 24    Spells: 24/24 levels left

rFire   + . .      SeeInvis +    U - +5 hand crossbow (freeze)
rCold   + . .      Faith    +    P - +2 tower shield {AC+3}
rNeg    . . .      Spirit   +    (body armour unavailable)
rPois   +          Reflect  .    h - +2 hat of the Bear Spirit {Spirit, *Rage Will++}
rElec   .          Harm     .    L - +2 cloak {rF+}
rCorr   .          Rampage  .    T - +1 pair of gloves
Will    +++..      Clarity  +    v - +1 pair of boots
Stlth   +++.......               b - amulet of faith
HPRegen 0.55/turn                Z - ring of see invisible
MPRegen 0.26/turn                s - ring of poison resistance

@: wreathed by umbra, studying Long Blades, drained
A: breathe frost, AC +12, unfitting armour, cold resistance 1, cold-blooded,
clarity, MP-powered wands
0: Orb of Zot
}: 3/15 runes: decaying, serpentine, abyssal
a: Breathe Frost, Renounce Religion, Shadow Step, Shadow Form


You escaped.
You worshipped Dithmenos.
Dithmenos was exalted by your worship.
You visited 11 branches of the dungeon, and saw 50 of its levels.
You visited the Abyss 2 times.
You also visited: Bailey, Ice Cave and Volcano.

You collected 7439 gold pieces.
You spent 2839 gold pieces at shops.

Inventory:

Hand Weapons
 n - the +7 longbow of Starshine {freeze, rElec rPois rF- Will++}
   (You acquired it on level 10 of the Dungeon)

   Any ammunition fired from it freezes those it strikes, dealing additional
   cold damage.
   It can also slow down cold-blooded creatures.
   rF:        It makes you vulnerable to fire.
   rElec:     It insulates you from electricity.
   rPois:     It protects you from poison.
   Will:      It greatly increases your willpower.
 U - a +5 hand crossbow of freezing (weapon)
Missiles
 g - 2 throwing nets
Armour
 h - the +2 hat of the Bear Spirit (worn) {Spirit, *Rage Will++}
   (You bought it in a shop on level 3 of the Elven Halls)

   Going berserk makes the wearer tougher, and they're slowed less afterward.
   *Rage:     It berserks you when you make melee attacks (+20% chance).
   Will:      It greatly increases your willpower.
 v - a +1 pair of boots (worn)
 L - a +2 cloak of fire resistance (worn)
 P - a +2 tower shield of protection (worn)
 T - a +1 pair of gloves (worn)
Jewellery
 b - an amulet of faith (around neck)
 p - a ring of positive energy
 s - a ring of poison resistance (right hand)
 y - a ring of protection from fire
 z - a ring of protection from fire
 B - a ring of flight
 F - a ring of positive energy
 K - a ring of resist corrosion
 O - a +6 ring of dexterity
 Q - a ring of protection from cold
 Z - a ring of see invisible (left hand)
Wands
 a - a wand of digging (23)
 J - a wand of acid (20)
 M - a wand of paralysis (15)
 V - a wand of roots (13)
Scrolls
 c - 6 scrolls of fear
 e - 3 scrolls of poison
 q - 16 scrolls of teleportation
 t - 6 scrolls of silence
 w - 2 scrolls of butterflies
 R - 2 scrolls of summoning
 Y - a scroll of immolation
Potions
 j - 4 potions of cancellation
 k - 13 potions of attraction
 m - a potion of haste
 o - 2 potions of heal wounds
 r - 2 potions of invisibility
 u - 9 potions of curing
 x - 6 potions of magic
 A - 6 potions of lignification
 C - 5 potions of resistance
 D - 4 potions of brilliance
 H - 11 potions of ambrosia
 N - 6 potions of might
 W - 4 potions of mutation
Miscellaneous
 d - a phial of floods
 f - a piece from Xom's chessboard (15/15)
 i - a box of beasts
 l - a tin of tremorstones (2/2)
 E - a condenser vane
 S - a lightning rod (4/4)
 X - a phantom mirror


   Skills:
 - Level 20.0 Fighting
 - Level 20.0 Ranged Weapons
 - Level 20.0 Dodging
 - Level 10.0 Stealth
 - Level 20.0 Shields
 + Level 22.5 Invocations


You had 24 spell levels left.
You didn't know any spells.
Your spell library contained the following spells:

 Spells                   Type           Power      Damage    Failure   Level
 Apportation              Tloc           0%         N/A       65%         1
 Beastly Appendage        Tmut           0%         N/A       65%         1
 Foxfire                  Conj/Fire      0%         2x1d4     65%         1
 Freeze                   Ice            0%         1d3       65%         1
 Kiss of Death            Conj/Necr      0%         2d5       65%         1
 Magic Dart               Conj           0%         1d3       65%         1
 Sandblast                Erth           0%         2d4       65%         1
 Sting                    Tmut/Pois      0%         1d3       65%         1
 Blink                    Tloc           0%         N/A       78%         2
 Call Imp                 Summ           0%         N/A       78%         2
 Ensorcelled Hibernation  Hex/Ice        0%         N/A       78%         2
 Momentum Strike          Conj/Tloc      0%         3d8       78%         2
 Passwall                 Tmut/Erth      0%         N/A       78%         2
 Poisonous Vapours        Pois/Air       0%         N/A       78%         2
 Sublimation of Blood     Necr           0%         N/A       78%         2
 Wereblood                Tmut           0%         N/A       78%         2
 Confusing Touch          Hex            0%         N/A       95%         3
 Gell's Gravitas          Tloc           0%         N/A       95%         3
 Ignite Poison            Fire/Tmut/Pois 0%         N/A       95%         3
 Inner Flame              Hex/Fire       0%         N/A       95%         3
 Kindle Blastsparks       Fire/Tloc/Air  0%         2d10      95%         3
 Lesser Beckoning         Tloc           0%         N/A       95%         3
 Mephitic Cloud           Conj/Pois/Air  0%         N/A       95%         3
 Ozocubu's Armour         Ice            0%         N/A       95%         3
 Portal Projectile        Hex/Tloc       0%         N/A       95%         3
 Spider Form              Tmut/Pois      0%         N/A       95%         3
 Stone Arrow              Conj/Erth      0%         3d7       95%         3
 Summon Guardian Golem    Hex/Summ       0%         N/A       95%         3
 Teleport Other           Tloc           0%         N/A       95%         3
 Tukima's Dance           Hex            0%         N/A       95%         3
 Vhi's Electric Charge    Tloc/Air       0%         N/A       95%         3
 Airstrike                Air            0%         2d(0-16)  100%        4
 Anguish                  Hex/Necr       0%         N/A       100%        4
 Cause Fear               Hex            0%         N/A       100%        4
 Dispel Undead            Necr           0%         3d6       100%        4
 Iskenderun's Mystic Bla  Conj/Tloc      0%         2d3       100%        4
 Manifold Assault         Tloc           0%         N/A       100%        4
 Sticky Flame             Conj/Fire      0%         2d3       100%        4
 Summon Lightning Spire   Summ/Air       0%         N/A       100%        4
 Alistair's Intoxication  Tmut/Pois      0%         N/A       100%        5
 Arcjolt                  Conj/Air       0%         1d10      100%        5
 Blade Hands              Tmut           0%         N/A       100%        5
 Borgnjor's Vile Clutch   Necr/Erth      0%         N/A       100%        5
 Fireball                 Conj/Fire      0%         3d3       100%        5
 Freezing Cloud           Conj/Ice/Air   0%         6-21      100%        5
 Irradiate                Conj/Tmut      0%         3d11      100%        5
 Lightning Bolt           Conj/Air       0%         1d11      100%        5
 Metabolic Englaciation   Hex/Ice        0%         N/A       100%        5
 Summon Forest            Summ/Tloc      0%         N/A       100%        5
 Summon Mana Viper        Hex/Summ       0%         N/A       100%        5
 Yara's Violent Unravell  Hex/Tmut       0%         3d3       100%        5
 Dispersal                Tloc           0%         N/A       100%        6
 Eringya's Noxious Bog    Tmut/Pois      0%         N/A       100%        6
 Simulacrum               Ice/Necr       0%         N/A       100%        6
 Statue Form              Tmut/Erth      0%         N/A       100%        6
 Summon Cactus Giant      Summ           0%         N/A       100%        6
 Dragon Form              Tmut           0%         N/A       100%        7
 Enfeeble                 Hex            0%         N/A       100%        7
 Haunt                    Necr/Summ      0%         N/A       100%        7
 Malign Gateway           Summ/Tloc      0%         N/A       100%        7
 Ozocubu's Refrigeration  Ice            0%         4d7       100%        7
 Storm Form               Tmut/Air       0%         N/A       100%        7
 Summon Hydra             Summ           0%         N/A       100%        7
 Discord                  Hex            0%         N/A       100%        8
 Disjunction              Tloc           0%         N/A       100%        8
 Ignition                 Fire           0%         3d3       100%        8
 Maxwell's Capacitive Co  Air            0%         ∞         100%        8
 Necromutation            Tmut/Necr      0%         N/A       100%        8
 Summon Horrible Things   Summ           0%         N/A       100%        8
 Dragon's Call            Summ           0%         N/A       100%        9


Dungeon Overview and Level Annotations

Branches:
Dungeon (15/15)            Temple (1/1) D:4            Lair (5/5) D:11
  Swamp (4/4) Lair:2        Snake (4/4) Lair:2        Slime (0/5) Lair:5
    Orc (2/2) D:11            Elf (3/3) Orc:2        Vaults (4/5) D:13
  Crypt (3/3) Vaults:2       Tomb (0/3) Crypt:3      Depths (4/4) D:15
    Zot (5/5) Depths:4     Bailey (visited)           IceCv (visited)
Volcano (visited)

Altars:
Ashenzari
Cheibriados
Dithmenos
Elyvilon
Fedhas
Gozag
Hepliaklqana
Kikubaaqudgha
Makhleb
Nemelex Xobeh
Okawaru
Qazlal
Ru
Sif Muna
Trog
Uskayaw
Vehumet
Wu Jian
Xom
Yredelemnul
Zin
The Shining One
Jiyva

Shops:
D:5 =   D:13 =   Orc:2 ([:*   Elf:3 [*((   Vaults:2 =   Vaults:4 *   Depths:4 (

Portals:
Hell: Depths:1 Depths:2 Depths:3 Depths:4
Abyss: D:11 Depths:3 Depths:4
Pandemonium: Depths:2
Ziggurat: Depths:1

Annotations:
D:11 2 transporters
Elf:1 6 runed translucent doors, exclusion: 6 doors
Elf:2 3 runed translucent doors
Vaults:3 2 runed translucent doors, exclusion: door, Kirkhe's ghost, adept DsIE; Peona's ghost, veteran MiGl
Zot:5 exclusion: orange crystal statue


Innate Abilities, Weirdness & Mutations

You can breathe waves of freezing cold which knock back foes.
Your icy white scales are hard. (AC +12)
You cannot fit into any form of body armour.
Your flesh is cold resistant. (rC+)
You are cold-blooded and may be slowed by cold attacks.
You possess an exceptional clarity of mind.
You expend magic power (3 MP) to strengthen your wands.


Message History

a +0 leather armour; a +0 hand axe; an orc skeleton
There is a stone staircase leading down here.
There is a stone staircase leading up here.
You climb upwards.
There is a stone staircase leading down here.
A Leorimn, an orange demon, a chaos spawn and a hellwing come into view.
Okay, then.
Blink to where?
Press: ? - help, Dir - move target
As you read the scroll of blinking, it crumbles to dust.
Leorimn moves out of view.
The orange demon moves out of view.
The chaos spawn moves out of view.
Unknown command.
You climb upwards.
There is a stone staircase leading down here.
There is a stone staircase leading up here.
You climb upwards.
There is a stone staircase leading down here.
HP restored.
There is an open door here.
A chaos spawn comes into view.
You shoot a bolt.
The bolt closely misses the chaos spawn.
You shoot a bolt. The bolt hits the chaos spawn!
The bolt freezes the chaos spawn.
The chaos spawn is heavily wounded.
An Ice Fiend comes into view.
You shoot a bolt. The Ice Fiend roars!
The bolt hits the chaos spawn!
The bolt freezes the chaos spawn.
The chaos spawn is almost dead.
Your shadow shoots a bolt.
The bolt completely misses the chaos spawn.
You shoot a bolt. The bolt hits the chaos spawn!
The bolt freezes the chaos spawn.
You kill the chaos spawn!
Dithmenos accepts your kill.
The chaos spawn degenerates into a cloud of primal chaos!
There is a staircase leading out of the dungeon here.
You have escaped!

#......############.........
#..............)....#..#.#..
#.......#.......#...#....#..
#......###.....###.....#.#..
#.......#.......#......###..
####.#......................
#.#......#>..1...........
#.#.....###..............
#.#.....@#......#........
#...............#.#......
###..#.......#..#.#.#####
#.###.....###.#.#.#....
#..#.......#..#...#.###
#...............###.#
####...........## #.#
#.########### #.# #.# #.###


There were no monsters in sight!

Vanquished Creatures
  An ancient lich (Crypt:3)
  A juggernaut (Depths:4)
  Frederick (Vaults:4)
  the Lernaean hydra (Swamp:4)
  2 golden dragons
  An electric golem (Zot:2)
  A profane servitor (Crypt:3)
  3 bone dragons
  A Tzitzimitl (D:12)
  7 tentacled monstrosities
  2 Orb Guardians (Depths:4)
  6 liches
  2 deep elf blademasters (Elf:3)
  An Ice Fiend (D:11)
  2 deep elf master archers (Elf:3)
  5 quicksilver dragons
  8 ancient champions
  A walking divine tome (Abyss:4)
  An Executioner (Abyss:4)
  7 sphinxes
  8 tentacled starspawn
  3 death cobs
  Kirke (Snake:1)
  A thorn hunter (Swamp:4)
  A shadow dragon (Zot:2)
  A storm dragon (shapeshifter) (Depths:1)
  Roxanne (Snake:4)
  6 tengu reavers
  4 nagarajas
  A fenstrider witch (Swamp:1)
  4 fire giants
  11 storm dragons
  2 draconian monks (Zot:1)
  2 draconian knights
  4 revenants (Crypt:3)
  6 vault wardens
  2 frost giants
  A ghost moth (Zot:2)
  9 draconian scorchers
  Louise (Depths:3)
  5 deep elf sorcerers (Elf:3)
  A curse skull (Crypt:2)
  5 ghouls
  4 deep elf elementalists (Elf:3)
  A balrug (Depths:1)
  5 spectral caustic shrikes (Depths:4)
  A draconian stormcaller (Zot:1)
  A caustic shrike skeleton (Abyss:3)
  5 draconian shifters
  4 orc warlords
  17 very ugly things
  17 ironbound preservers
  8 ironbound thunderhulks
  17 stone giants
  2 war gargoyles (Vaults:4)
  8 vampire knights
  6 black draconians
  4 eleionomae
  8 bunyips
  A lorocyproca (Abyss:2)
  5 green draconians
  2 deep elf annihilators (Elf:3)
  2 yellow draconians
  4 white draconians
  7 deep elf demonologists
  7 red draconians
  7 purple draconians
  15 dire elephants
  7 spark wasps
  4 eidola
  A quicksilver dragon zombie (Crypt:2)
  5 ettins
  9 great orbs of eyes
  A shambling mangrove (Swamp:4)
  8 jiangshi
  5 deep elf high priests
  10 fire dragons
  A crystal guardian (Vaults:4)
  12 deep elf death magi
  9 yaktaur captains
  An entropy weaver (shapeshifter) (Elf:3)
  3 entropy weavers
  4 salamander tyrants (Snake:4)
  5 ice dragons
  4 spriggan air magi
  3 peacekeepers (Vaults:4)
  7 vault guards
  3 rakshasas
  23 hydras
  A ghost crab (Swamp:2)
  An Orb Guardian zombie (Crypt:1)
  9 ironbound frosthearts
  4 death knights
  Erica (D:8)
  13 dancing weapons
  3 anacondas
  A fenstrider witch skeleton (Crypt:1)
  3 two-headed ogres
  8 boulder beetles
  5 orc high priests
  12 deep troll earth magi
  15 tengu warriors
  5 alligators
  14 centaur warriors
  8 naga warriors
  10 thrashing horrors
  6 deep troll shamans
  5 hell hogs
  15 naga sharpshooters
  8 vampire magi
  4 wretched stars (Abyss:4)
  8 spriggan berserkers
  4 hell knights (Depths:1)
  5 shock serpents
  An iron troll (Depths:3)
  2 sixfirhies (D:5)
  A soul eater (Depths:1)
  A titan skeleton (Crypt:1)
  4 deep elf knights
  4 shadow wraiths
  3 salamander mystics
  8 goliath frogs
  8 glowing orange brains
  20 skeletal warriors
  2 bog bodies
  2 spriggan druids
  An anaconda zombie (Crypt:3)
  75 deep trolls
  A swamp dragon (shapeshifter) (Depths:1)
  13 lindwurms
  7 flayed ghosts
  13 swamp dragons
  12 phantasmal warriors
  4 sea snakes (Snake:3)
  A golden dragon skeleton (Crypt:3)
  A tengu zombie (Depths:1)
  14 deep elf archers
  3 wizards
  28 deep elf pyromancers
  17 deep elf zephyrmancers
  A goliath frog zombie (Crypt:3)
  20 ironbound convokers
  3 orc knights
  An anaconda skeleton (Crypt:3)
  12 mana vipers
  A shadow dragon zombie (Crypt:2)
  7 naga ritualists
  2 shining eyes (shapeshifter)
  A wolf spider (D:15)
  A frost giant zombie (Crypt:3)
  10 necromancers
  2 orc sorcerers (Orc:1)
  A fire giant zombie (Depths:1)
  A shining eye (Abyss:3)
  2 human zombies (Vaults:3)
  10 cyclopes
  17 elephants
  2 manticores
  7 will-o-the-wisps
  11 moths of wrath
  A stone giant skeleton (Crypt:3)
  10 salamanders
  A worldbinder (Abyss:4)
  31 ugly things
  17 vault sentinels
  2 ice statues (IceCv)
  7 guardian serpents
  A naga zombie (Crypt:1)
  3 frost giant skeletons
  2 fire giant skeletons
  12 naga magi
  2 rust devils (Abyss:3)
  17 large abominations
  13 smoke demons
  36 black mambas
  2 apocalypse crabs
  2 torpor snails
  20 cane toads
  6 gargoyles
  A black draconian zombie (Crypt:2)
  A molten gargoyle (Volcano)
  2 dire elephant skeletons
  5 kobold demonologists
  A hellion (Abyss:4)
  An unseen horror (D:12)
  4 efreet
  A yaktaur zombie (Vaults:3)
  11 freezing wraiths
  7 komodo dragons
  8 rime drakes
  A minotaur zombie (Crypt:3)
  24 yaktaurs
  An unseen horror zombie (Crypt:3)
  A yaktaur skeleton (Vaults:3)
  2 ancient zymes (Abyss:2)
  2 tengu conjurers
  A guardian mummy (Crypt:3)
  9 meliai
  7 hellwings
  A demonic crawler (Abyss:4)
  A human skeleton (Vaults:3)
  A bloated husk (Swamp:1)
  11 trolls
  An unseen horror skeleton (Crypt:3)
  A death yak skeleton (Crypt:1)
  3 harpy zombies
  A queen bee (Lair:4)
  2 tengu simulacra (Vaults:3)
  A meliai (shapeshifter) (D:13)
  A tarantella (Vaults:3)
  8 hornets
  A polar bear (Lair:2)
  7 tyrant leeches
  4 raiju (Abyss:2)
  26 slime creatures
  29 blink frogs
  A deep troll zombie (Vaults:3)
  3 dream sheep (Lair:5)
  A death drake skeleton (Crypt:1)
  A jumping spider (Vaults:1)
  2 air elementals (Elf:1)
  A satyr skeleton (Crypt:1)
  7 spriggans
  4 ynoxinuls
  3 vampires
  A fire dragon skeleton (Abyss:2)
  2 shadows
  4 water elementals
  4 wyverns
  7 wraiths
  20 humans (D:13)
  2 basilisks (Lair:2)
  A basilisk (shapeshifter) (Elf:1)
  58 yaks
  3 fire elementals
  2 hogs (Snake:1)
  A steam dragon (D:10)
  9 neqoxecs
  Grum (Lair:1)
  4 chaos spawn
  6 golden eyes (D:8)
  4 redbacks
  11 vampire mosquitoes
  2 wargs (Orc:2)
  42 nagas
  2 acid dragons
  14 swamp worms
  11 water moccasins
  A faun skeleton (Crypt:2)
  2 ogre skeletons (Vaults:3)
  3 hell hounds (Abyss:4)
  9 swamp drakes
  A floating eye (shapeshifter) (Vaults:3)
  2 floating eyes (Depths:1)
  41 orc warriors
  A swamp dragon zombie (Crypt:1)
  An ice beast (Abyss:4)
  A sky beast (D:6)
  A cane toad skeleton (Crypt:3)
  A merfolk simulacrum (Crypt:1)
  2 black bears
  11 small abominations
  17 centaurs
  A dream sheep skeleton (Crypt:2)
  6 ogres
  26 wolves
  A blink frog zombie (Crypt:3)
  A phantom (D:4)
  A hog skeleton (Crypt:1)
  Blork the orc (D:4)
  11 kobold brigands
  An elf zombie (Crypt:1)
  2 gnoll sergeants
  17 bullfrogs
  7 necrophages
  A water moccasin zombie (Crypt:1)
  3 scorpions (D:4)
  11 wights
  6 lindwurm simulacra (IceCv)
  32 killer bees
  10 howler monkeys
  2 electric eels
  4 quasits
  49 starcursed masses
  3 hounds
  3 gnoll boudas
  6 jellies
  3 komodo dragon simulacra (IceCv)
  18 orc priests
  5 iguanas
  Ijyb (D:4)
  24 orc wizards
  A statue (D:9)
  12 mummies (Crypt:3)
  A howler monkey skeleton (Crypt:1)
  7 acid dragon simulacra (IceCv)
  34 gnolls
  8 adders
  6 shadow imps (D:7)
  4 white imps
  9 ufetubi
  5 steam dragon simulacra (IceCv)
  A jelly zombie (Crypt:3)
  3 dart slugs
  100 orcs
  7 endoplasms
  7 giant cockroaches
  9 goblins
  5 hobgoblins
  19 jackals
  32 kobolds
  5 quokkas
  4 ball pythons
  4 bats
  6 frilled lizards
  A gnoll skeleton (Crypt:2)
  A quokka zombie (Crypt:1)
  5 rats
  A lurking horror (Abyss:3)
  4 starspawn tentacles
2202 creatures vanquished.

Vanquished Creatures (others)
  A frost giant (Depths:1)
  A human (Snake:1)
  A starcursed mass (Abyss:4)
  A small abomination (Abyss:2)
  An orc (D:4)
  3 bushes
  6 demonic plants (D:7)
  22 foxfires
  25 fungi
  107 plants
  18 starspawn tentacles
186 creatures vanquished.

Grand Total: 2388 creatures vanquished

Notes
Turn   | Place    | Note
-------+----------+-------------------------------------------
     0 | D:1      | Angani the Draconian Hunter began the quest for the Orb.
     0 | D:1      | Reached XP level 1. HP: 17/17 MP: 1/1
    80 | D:1      | Found a faded altar of an unknown god.
   223 | D:1      | Reached XP level 2. HP: 25/25 MP: 2/2
   754 | D:2      | Reached XP level 3. HP: 30/30 MP: 3/3
  1693 | D:3      | Reached XP level 4. HP: 38/38 MP: 4/4
  1745 | D:3      | Identified the +1 robe of Tenocy {Slay+3}
  1913 | D:4      | Noticed a scorpion
  1919 | D:4      | Noticed a kobold brigand
  1932 | D:4      | Noticed a phantom
  1937 | D:4      | Noticed a scorpion
  1955 | D:4      | Noticed a scorpion
  1961 | D:4      | Killed a scorpion
  1961 | D:4      | Killed a scorpion
  1962 | D:4      | Reached skill level 5 in Ranged Weapons
  1962 | D:4      | Reached XP level 5. HP: 11/46 MP: 1/5
  2062 | D:4      | Found a staircase to the Ecumenical Temple.
  2072 | Temple   | Entered the Ecumenical Temple
  2276 | Temple   | Became a worshipper of Dithmenos the Shadowed
  2375 | D:4      | Killed a phantom
  2376 | D:4      | Reached XP level 6. HP: 33/53 MP: 3/6
  2466 | D:4      | Noticed Ijyb
  2479 | D:4      | Killed Ijyb
  2663 | D:4      | Noticed Blork the orc
  2673 | D:4      | Killed Blork the orc
  3181 | D:4      | Reached skill level 5 in Fighting
  3449 | D:4      | Your scales start taking on an icy white colour.
  3449 | D:4      | Reached XP level 7. HP: 61/61 MP: 7/7
  3449 | D:4      | Gained mutation: Your flesh is cold resistant. (rC+) [White
                  | Draconian growth]
  3542 | D:4      | Reached * piety under Dithmenos
  4234 | D:5      | Entered Level 5 of the Dungeon
  4347 | D:5      | Reached ** piety under Dithmenos
  4348 | D:5      | Reached XP level 8. HP: 68/70 MP: 8/8
  4410 | D:5      | Found a broken altar of Ashenzari.
  4410 | D:5      | Found a bloodstained altar of Trog.
  4412 | D:5      | Found a blossoming altar of Fedhas.
  4494 | D:5      | Found Jetzeadd's Jewellery Shoppe.
  4711 | D:5      | Bought a ring of poison resistance for 240 gold pieces
  4922 | D:5      | Found a glowing silver altar of Zin.
  4923 | D:5      | Found a hide-covered altar of Uskayaw.
  5954 | D:6      | Found an opulent altar of Gozag.
  6732 | D:7      | Found an ancient bone altar of Kikubaaqudgha.
  6825 | D:7      | Reached *** piety under Dithmenos
  7121 | D:7      | Reached XP level 9. HP: 80/80 MP: 9/9
  7220 | D:7      | Reached **** piety under Dithmenos
  7875 | D:8      | Noticed Erica
  7883 | D:8      | Reached skill level 10 in Ranged Weapons
  8011 | D:8      | Paralysed by a hornet for 3 turns
  8016 | D:8      | Reached skill level 1 in Invocations
  8216 | D:8      | Gained mutation: Your mind is acute. (Int +4, Str/Dex -1)
                  | [potion of mutation]
  8358 | D:8      | Reached skill level 2 in Invocations
  8486 | D:8      | Reached skill level 3 in Invocations
  8847 | D:9      | Reached skill level 4 in Invocations
  8919 | D:9      | Found a flagged portal.
  8928 | D:9      | Noticed a two-headed ogre
  8943 | D:9      | Killed a two-headed ogre
  8944 | D:9      | Reached XP level 10. HP: 13/91 MP: 13/13
  8971 | Bailey   | Entered a bailey
  9129 | Bailey   | Reached skill level 5 in Invocations
  9322 | Bailey   | Reached skill level 5 in Dodging
  9494 | Bailey   | Got the Incunabulum of the Blaze and Displacement
  9498 | Bailey   | Found a bloodstained altar of Trog.
  9557 | D:9      | Reached ***** piety under Dithmenos
  9558 | D:9      | Reached skill level 10 in Fighting
  9584 | D:9      | Reached skill level 6 in Invocations
  9762 | D:8      | Killed Erica
 10214 | D:8      | Reached skill level 7 in Invocations
 10572 | D:9      | Found a stormy altar of Qazlal.
 10572 | D:9      | Found a snail-covered altar of Cheibriados.
 10786 | D:9      | Found a radiant altar of Vehumet.
 10849 | D:9      | Reached XP level 11. HP: 96/101 MP: 16/16
 11758 | D:10     | Entered Level 10 of the Dungeon
 12295 | D:10     | Identified a scroll of acquirement
 12298 | D:10     | Acquired the +7 longbow of Starshine {freeze, rElec rPois
                  | rF- Will++}
 12707 | D:11     | Found a transporter.
 12854 | D:11     | Noticed a deep elf pyromancer
 12858 | D:11     | Killed a deep elf pyromancer
 12858 | D:11     | Noticed a boulder beetle
 12866 | D:11     | Killed a boulder beetle
 12866 | D:11     | Reached ****** piety under Dithmenos
 12874 | D:11     | Found a transporter.
 12880 | D:11     | Noticed a thrashing horror
 12883 | D:11     | Noticed a soul eater
 12908 | D:11     | Found a one-way gate to the infinite horrors of the Abyss.
 13117 | D:11     | Found a staircase to the Orcish Mines.
 13253 | D:11     | Found a staircase to the Lair.
 13272 | D:11     | Reached XP level 12. HP: 91/108 MP: 17/17
 13391 | Lair:1   | Entered Level 1 of the Lair of Beasts
 13553 | Lair:1   | Reached skill level 10 in Dodging
 13567 | Lair:1   | Found a frozen archway.
 13577 | IceCv    | Entered an ice cave
 14087 | IceCv    | Noticed an ice dragon
 14346 | IceCv    | Killed an ice dragon
 14555 | IceCv    | Identified the ring of the Enemy {*Corrode rN++ MP+9 Str+5}
 14823 | Lair:1   | Noticed Grum
 14832 | Lair:1   | Killed Grum
 15499 | Lair:2   | Found a staircase to the Swamp.
 15505 | Lair:2   | Found a staircase to the Snake Pit.
 15528 | Lair:2   | Reached XP level 13. HP: 86/115 MP: 18/18
 16521 | Lair:3   | Found a shadowy altar of Dithmenos.
 16542 | Lair:3   | Lost mutation: Your mind is acute. (Int +4, Str/Dex -1)
                  | [potion of mutation]
 16542 | Lair:3   | Gained mutation: Your magical capacity is low. (-10% MP)
                  | [potion of mutation]
 16542 | Lair:3   | Gained mutation: Your spells are a little harder to cast,
                  | but a little more powerful. [potion of mutation]
 17756 | Lair:4   | Reached skill level 15 in Ranged Weapons
 18198 | Lair:4   | Reached XP level 14. HP: 122/122 MP: 17/17
 18587 | Lair:5   | Entered Level 5 of the Lair of Beasts
 18883 | Lair:5   | Found a dark tunnel.
 18892 | Volcano  | Entered a volcano
 19398 | Lair:5   | Found a staircase to the Slime Pits.
 19399 | Lair:5   | Found a viscous altar of Jiyva.
 19784 | Lair:5   | Got Sif Muna's Treatise on the Metamorphic Undead
 20901 | D:13     | Found Nogig's Jewellery Shop.
 21171 | D:13     | You fall into a shaft and drop 2 floors!
 21171 | D:15     | Entered Level 15 of the Dungeon
 21393 | D:13     | Reached skill level 15 in Dodging
 21593 | D:13     | Identified the +1 ring mail "Caonuoz" {rElec rN+ Stlth+}
 21821 | D:13     | Reached XP level 15. HP: 128/128 MP: 18/18
 22124 | D:13     | Found a gate to the Vaults.
 23699 | Orc:1    | Entered Level 1 of the Orcish Mines
 24005 | Orc:2    | Entered Level 2 of the Orcish Mines
 24008 | Orc:2    | Found a staircase to the Elven Halls.
 24379 | Orc:2    | Found Gayrr's Book Shoppe.
 24447 | Orc:2    | Found Qoumiud's Assorted Antiques.
 24783 | Orc:2    | Found Heothoka's Antique Armour Emporium.
 24787 | Orc:2    | Found Paybatot's Antique Weapon Shoppe.
 24799 | Orc:2    | Bought a pair of glowing gloves for 172 gold pieces
 24810 | Orc:2    | Bought a glowing tower shield for 172 gold pieces
 24816 | Orc:2    | Bought a hand crossbow for 105 gold pieces
 24930 | Orc:2    | Reached skill level 1 in Shields
 25163 | Orc:2    | Upgraded the game from 0.30-a0-305-g026cb31310 to
                  | 0.30-a0-313-gae38170b09
 25283 | Swamp:1  | Entered Level 1 of the Swamp
 25283 | Swamp:1  | You fall into a shaft and drop 1 floor!
 25359 | Swamp:2  | Identified the +11 glaive of Destiny {venom, rF++ Will+
                  | Dex+3}
 26065 | Swamp:1  | Noticed a fenstrider witch
 26070 | Swamp:1  | Killed a fenstrider witch
 26223 | Swamp:1  | Reached skill level 5 in Shields
 26347 | Swamp:1  | Reached skill level 1 in Stealth
 26419 | Swamp:1  | Reached XP level 16. HP: 136/136 MP: 19/19
 27768 | Swamp:4  | Entered Level 4 of the Swamp
 27955 | Swamp:4  | Reached skill level 5 in Stealth
 28737 | Swamp:4  | Noticed a thorn hunter
 28743 | Swamp:4  | Killed a thorn hunter
 29069 | Swamp:4  | Noticed the 27-headed Lernaean hydra
 29079 | Swamp:4  | Killed the 27-headed Lernaean hydra
 29215 | Swamp:4  | Got a decaying rune of Zot
 29449 | Snake:1  | Entered Level 1 of the Snake Pit
 29496 | Snake:1  | Identified the +1 robe "Zomowkes" {rPois rF- Regen+ SInv}
 29895 | Snake:1  | Reached skill level 10 in Shields
 30342 | Snake:1  | Noticed Kirke
 30368 | Snake:1  | Reached XP level 17. HP: 143/143 MP: 20/20
 30389 | Snake:1  | Killed Kirke
 30944 | Snake:2  | Got the Omnibus of Fetid Dislocation
 31413 | Snake:2  | Reached skill level 10 in Stealth
 32165 | Snake:3  | Found a white marble altar of Elyvilon.
 32527 | Snake:4  | Entered Level 4 of the Snake Pit
 32781 | Snake:4  | Reached XP level 18. HP: 154/154 MP: 21/21
 32901 | Snake:4  | Identified Roxanne's Dissertation on Permutations
 32901 | Snake:4  | Noticed Roxanne
 33049 | Snake:4  | Killed Roxanne
 34427 | Snake:4  | Got a serpentine rune of Zot
 34498 | Snake:4  | Reached skill level 15 in Shields
 34679 | Elf:1    | Entered Level 1 of the Elven Halls
 34765 | Elf:1    | Reached XP level 19. HP: 160/160 MP: 21/21
 34962 | Elf:1    | Paralysed by an air elemental for 1 turns
 35184 | Elf:1    | Found a shimmering altar of Xom.
 35733 | Elf:1    | Found a runed translucent gate.
 35733 | Elf:1    | Found a runed translucent gate.
 35733 | Elf:1    | Found a runed translucent gate.
 35733 | Elf:1    | Found a runed translucent gate.
 35733 | Elf:1    | Found a runed translucent gate.
 35735 | Elf:1    | Found a runed translucent gate.
 35754 | Elf:1    | Acquired a +3 hand crossbow of draining
 35970 | Elf:2    | Found a runed translucent gate.
 35970 | Elf:2    | Found a runed translucent gate.
 35970 | Elf:2    | Found a runed translucent gate.
 36382 | Elf:3    | Entered Level 3 of the Elven Halls
 36417 | Elf:3    | Found Xamyin's Overcharged Wands.
 36455 | Elf:3    | Bought a wand of digging (11) for 693 gold pieces
 36645 | Elf:3    | Found Dyefin Hiyr's Weapon Shop.
 36652 | Elf:3    | Bought 5 stones for 6 gold pieces
 36652 | Elf:3    | Bought 4 stones for 5 gold pieces
 36652 | Elf:3    | Bought 6 stones for 7 gold pieces
 36652 | Elf:3    | Bought 3 stones for 3 gold pieces
 36653 | Elf:3    | Found Doraf Nopn's Weapon Boutique.
 36742 | Elf:3    | Found Esoabecw's Antique Armour Shop.
 36752 | Elf:3    | Bought the +2 hat of the Bear Spirit {Spirit, *Rage Will++}
                  | for 1151 gold pieces
 36752 | Elf:3    | Found the +2 hat of the Bear Spirit {Spirit, *Rage Will++}
 36992 | Elf:3    | Identified the +3 quarterstaff "Dragonslayer" {antimagic,
                  | rElec rCorr Dex-2}
 37109 | Elf:3    | Identified the +1 leather armour of Entitlement {rC+}
 37410 | Elf:3    | Reached skill level 15 in Fighting
 37522 | Elf:3    | Noticed a Tzitzimitl
 37741 | Elf:3    | Identified the +8 plate armour of Fion {Will+ MP+9 Str+5}
 38090 | Vaults:1 | Entered Level 1 of the Vaults
 38460 | Vaults:1 | Reached XP level 20. HP: 179/179 MP: 22/22
 38976 | Vaults:1 | Identified the +4 flail of Woe {flame, rElec rCorr Int-3
                  | SInv}
 41222 | Vaults:2 | Found Hewkaq's Jewellery Shop.
 41230 | Vaults:2 | Bought a ring of see invisible for 285 gold pieces
 41505 | Vaults:2 | Found a staircase to the Crypt.
 42076 | Vaults:2 | Got the Precepts of the Snowflakes and Bewitchment
 43302 | Vaults:3 | Reached XP level 21. HP: 192/192 MP: 23/23
 43569 | Vaults:3 | Found a large runed translucent door.
 43569 | Vaults:3 | Found a large runed translucent door.
 43569 | Vaults:3 | Noticed Kirkhe's ghost (adept DsIE)
 43569 | Vaults:3 | Noticed Peona's ghost (veteran MiGl)
 44515 | Vaults:3 | Paralysed by a floating eye for 2 turns
 44568 | Vaults:3 | Identified the +7 sling "Ynteo" {freeze, rElec}
 45023 | Vaults:4 | Noticed Frederick
 45040 | Vaults:4 | Killed Frederick
 46115 | Vaults:4 | Found Rasileeb's Assorted Antiques.
 46266 | Crypt:1  | Entered Level 1 of the Crypt
 47485 | Crypt:1  | Reached XP level 22. HP: 197/198 MP: 24/24
 48509 | Crypt:3  | Entered Level 3 of the Crypt
 49065 | Crypt:3  | Noticed an ancient lich
 49073 | Crypt:3  | Killed an ancient lich
 49506 | Crypt:3  | Found a staircase to the Tomb.
 50495 | Crypt:3  | Found a basalt altar of Yredelemnul.
 50722 | Crypt:3  | Found an ancient bone altar of Kikubaaqudgha.
 50755 | Crypt:3  | Found the +6 Majin-Bo {vamp, MP+6 Int+6}
 51160 | D:15     | Identified the +9 battleaxe "Zunkonaeh" {elec, rC- Int+5
                  | SInv}
 51277 | D:15     | Found a broken altar of Ashenzari.
 51518 | D:15     | Found a staircase to the Depths.
 51600 | D:15     | Found a hide-covered altar of Uskayaw.
 51766 | Depths:1 | Entered Level 1 of the Depths
 52480 | Depths:1 | Paralysed by a floating eye for 2 turns
 52486 | Depths:1 | Paralysed by a floating eye for 4 turns
 52497 | Depths:1 | Found a one-way gateway to a ziggurat.
 53372 | Depths:1 | Reached XP level 23. HP: 215/215 MP: 25/25
 53487 | Depths:1 | Reached skill level 8 in Invocations
 53961 | Depths:1 | Reached skill level 9 in Invocations
 54291 | Depths:1 | Reached skill level 10 in Invocations
 54812 | Depths:1 | Found the +3 Elemental Staff {rElec rF++ rC++ AC+5}
 54814 | Depths:1 | Found a gateway to Hell.
 54927 | Depths:2 | Found a one-way gate leading to the halls of Pandemonium.
 55183 | Depths:1 | Reached skill level 11 in Invocations
 55629 | Depths:2 | Reached skill level 12 in Invocations
 55971 | Depths:2 | Identified the +0 scale mail of Lifelessness {Harm rPois}
 56617 | Depths:3 | Identified the +1 leather armour of the Sun {Harm rF++
                  | Int+4 Dex+4}
 56647 | Depths:3 | Reached skill level 13 in Invocations
 56984 | Depths:3 | Noticed Louise
 56990 | Depths:3 | Killed Louise
 57129 | Depths:3 | Reached skill level 14 in Invocations
 57412 | Depths:3 | Found a bloodstained altar of Trog.
 57869 | Depths:4 | Entered Level 4 of the Depths
 58237 | Depths:4 | Found Nioh's Weapon Shoppe.
 58309 | Depths:4 | Noticed a juggernaut
 58579 | Depths:4 | Reached skill level 15 in Invocations
 59062 | Depths:4 | Killed a juggernaut
 59674 | Depths:4 | Reached skill level 16 in Invocations
 59857 | Depths:4 | Found a gate to the Realm of Zot.
 60017 | Depths:4 | Voluntarily entered the Abyss.
 60022 | Abyss:2  | Found a corrupted altar of Lugonu.
 60037 | Abyss:2  | Found a corrupted altar of Lugonu.
 60314 | Abyss:2  | Gained mutation: Your mind is acute. (Int +4, Str/Dex -1)
                  | [a neqoxec]
 60437 | Abyss:2  | Reached XP level 24. HP: 206/224 MP: 31/31
 60601 | Abyss:2  | Reached skill level 17 in Invocations
 60612 | Abyss:2  | Found a basalt altar of Yredelemnul.
 60837 | Abyss:3  | Found a corrupted altar of Lugonu.
 60905 | Abyss:3  | Gained mutation: You possess an exceptional clarity of
                  | mind. [a neqoxec]
 60938 | Abyss:3  | Gained mutation: You do not regenerate when monsters are
                  | visible. [a neqoxec]
 60969 | Abyss:3  | Paralysed by accursed screaming for 1 turns
 61060 | Depths:4 | Escaped the Abyss
 61353 | Depths:4 | Lost mutation: Your magical capacity is low. (-10% MP)
                  | [potion of mutation]
 61353 | Depths:4 | Lost mutation: Your spells are a little harder to cast, but
                  | a little more powerful. [potion of mutation]
 61353 | Depths:4 | Gained mutation: Your muscles are strong. (Str +4, Int/Dex
                  | -1) [potion of mutation]
 61353 | Depths:4 | Gained mutation: You expend magic power (3 MP) to
                  | strengthen your wands. [potion of mutation]
 61353 | Depths:4 | Lost mutation: Your muscles are strong. (Str +4, Int/Dex
                  | -1) [potion of mutation]
 61354 | Depths:4 | Lost mutation: Your mind is acute. (Int +4, Str/Dex -1)
                  | [potion of mutation]
 61354 | Depths:4 | Lost mutation: You do not regenerate when monsters are
                  | visible. [potion of mutation]
 61354 | Depths:4 | Lost mutation: You possess an exceptional clarity of mind.
                  | [potion of mutation]
 61354 | Depths:4 | Gained mutation: You possess an exceptional clarity of
                  | mind. [potion of mutation]
 61367 | Depths:4 | Voluntarily entered the Abyss.
 61429 | Abyss:3  | Reached skill level 18 in Invocations
 61478 | Abyss:3  | Noticed an ancient lich
 61999 | Abyss:4  | Found a transporter.
 62072 | Abyss:4  | Found a transporter.
 62077 | Abyss:4  | Found a transporter.
 62078 | Abyss:4  | Got an abyssal rune of Zot
 62166 | Abyss:4  | Found a corrupted altar of Lugonu.
 62390 | Abyss:4  | Noticed an ancient lich
 62635 | Abyss:4  | Reached skill level 19 in Invocations
 62799 | Abyss:4  | Noticed a dread lich
 63052 | Depths:4 | Escaped the Abyss
 63342 | Zot:1    | Entered Level 1 of the Realm of Zot
 63842 | Zot:2    | Reached skill level 20 in Invocations
 64019 | Zot:2    | Identified the ring "Aseilif" {Will++ EV+4 Str-4}
 64998 | Zot:2    | Reached skill level 21 in Invocations
 67164 | Zot:5    | Entered Level 5 of the Realm of Zot
 67294 | Zot:4    | Reached skill level 22 in Invocations
 67459 | Zot:4    | Reached XP level 25. HP: 162/215 MP: 37/38
 67897 | Zot:5    | Noticed an ancient lich
 67902 | Zot:5    | Got the Orb of Zot
 67905 | Zot:5    | Noticed an ancient lich
 67905 | Zot:5    | Noticed an ancient lich
 67905 | Zot:5    | Noticed a Killer Klown
 67911 | Zot:5    | Noticed a dread lich
 68140 | Depths:1 | Noticed Sanut the pandemonium lord
 68476 | D:3      | Noticed Leorimn the pandemonium lord
 68540 | D:$      | Escaped with the Orb!

Illustrated notes

Levels and vault maps discovered:
D:1:      minmay_arrival_five_plusses, layout_basic,
          ebering_ecumenical_altar_sacrificial, hex_large
D:2:      layout_basic
D:3:      layout_loops_ring, grunt_decor_resistance, kennysheep_generic_room_8
D:4:      lemuel_castle_with_subvaults [lemuel_castle_interior_carwin_1],
          layout_layer_cave, minmay_temple_entry_glassed_door, uniq_ijyb,
          uniq_blork_the_orc
D:5:      layout_loops_ring, nicolae_overflow_hidden_temple, serial_shops,
          nicolae_diamond_shop, mrwooster_statue_mirror
D:6:      layout_layer_cave, nicolae_gozag_cash_rules_everything_around_me
D:7:      layout_loops_corners, kennysheep_mini, serial_demonic,
          serial_demonic_b, serial_demonic_d, serial_demonic_g,
          serial_demonic_c, serial_demonic_d
D:8:      layout_basic, uniq_erica
D:9:      layout_gridville, nicolae_overflow_two_pavilions, vehumet_statue,
          enter_bailey_5
D:10:     layout_small_grid, chequers_serial_rivers_small_a
D:11:     layout_cave_pools, lair_entry_dummy, orc_david_3,
          gammafunk_ghost_abyssal_escape
D:12:     layout_basic, grunt_ministairs_6
D:13:     layout_loops_ring, grunt_vaults_entry_tiered, serial_shops, shop,
          hangedman_abyss_or_decor_clamps, serial_bayou_crossing
D:14:     layout_basic, minmay_tree_intersection
D:15:     hangedman_depths_entry_try_elsewhere_first, layout_small_grid,
          ashenzari_conservatory_becter,
          nicolae_uskayaw_murder_on_the_dancefloor
Temple:   hc_temple_tempest_star
Lair:1:   layout_gridlike, portal_ice_cave_entry_pillars_2,
          infiniplex_staircase_pool_2, uniq_grum
Lair:2:   layout_regular_city, swamp_mist, minmay_snake_entry_guardpost_small,
          nzn_sisyphean_effort
Lair:3:   layout_loops_ring, basic_altar, lemuel_fruit_fields
Lair:4:   layout_roguey [special_room_bee], roderic_carrion_pond,
          grunt_megastairs_4
Lair:5:   minmay_lair_end_frog_pond, layout_cave_pods, slime_entry_1,
          lightli_volcano_entry_magma_tube
Swamp:1:  layout_basic_swamp, nicolae_swamp_tree_designs, swamp_pool5,
          cheibrodos_swamp_witchery
Swamp:2:  layout_basic_swamp, evilmike_swamp_ruin_rubble_2
Swamp:3:  layout_basic_swamp, nicolae_swamp_trees_clearing,
          nicolae_swamp_orc_logging_accident
Swamp:4:  swamp_old_school, layout_basic_swamp, swamp_pool3,
          nicolae_swamp_bean_lake
Snake:1:  layout_honeycomb, nicolae_snake_omega, uniq_kirke
Snake:2:  layout_basic
Snake:3:  nrook_guardian_serpent_snake_passage, layout_onion_interference,
          basic_altar, serial_bayou_shore_a
Snake:4:  hellmonk_snake_rune_quicksilver_temple, layout_cave_town, uniq_roxanne
Orc:1:    layout_caves
Orc:2:    grunt_orc_community_town_hall, layout_caves,
          grunt_orc_community_big_house_1, grunt_orc_community_big_house_1,
          grunt_orc_community_house_3, grunt_orc_community_house_3,
          grunt_orc_community_house_2, grunt_orc_community_house_3,
          grunt_orc_community_house_2, dreamdust_deal_with_the_devil
Elf:1:    nicolae_elf_arrival_fired_up, layout_loops_cross, basic_altar,
          orc_legates
Elf:2:    elven_hall_of_blades_hangedman_original [nicolae_blade_lattice],
          layout_loops_cross
Elf:3:    elf_hall, layout_rooms, serial_shops, nicolae_square_shop,
          dreamdust_princess_bridge, nicolae_shop_overcharged_wands,
          minmay_shoptagon
Vaults:1: hangedman_vaults_nails, nicolae_vaults_halls_meeting,
          ontoclasm_vaults_tryst, nicolae_vaults_diagonal_hallway_7,
          hangedman_vaults_stream, v_misc_18, nicolae_vaults_little_squares_3,
          vaults_room_fours, nicolae_vaults_gold_heap,
          ontoclasm_vaults_decontamination, ontoclasm_vaults_eye,
          ontoclasm_vaults_claustrophobia,
          nicolae_vaults_windows_and_doors_thing, layout_vaults_maze_snakey
Vaults:2: nicolae_vaults_network_periphery, vaults_dpeg_cross,
          minmay_crypt_entry_simple_box, nicolae_vaults_stairing_the_circle,
          st_more_cells, vaults_mumra_hex, v_misc_17, v_misc_25,
          vaults_room_hallway, vaults_dpeg_diagonal, layout_vaults_omnigrid,
          serial_shops, shop
Vaults:3: advil_vaults_ghost_guards, v_pattern_5, hangedman_vaults_unwind,
          nicolae_vaults_what_the_h, hangedman_vaults_stitches,
          nicolae_vaults_minivaults, vaults_standard_mumra_x, v_rooms_3,
          grunt_vaults_hallway_short, layout_vaults_omnicross
Vaults:4: nicolae_vaults_asterisk, vaults_mumra_chevron, hangedman_vaults_locks,
          grunt_vaults_bifocal, vaults_room_boxed, v_misc_2,
          ontoclasm_vaults_gallery, vaults_mumra_minichess_inversion, v_misc_1,
          hangedman_vaults_corner, serial_ice_b, v_misc_16, serial_ice_h,
          layout_vaults_ring, serial_shops, nicolae_shop_overgrown_old_shop,
          uniq_frederick
Crypt:1:  layout_basic, grunt_megastairs_1, uniq_grunn
Crypt:2:  layout_chaotic_city
Crypt:3:  lightli_unholy_cathedral, layout_chaotic_city,
          nicolae_tomb_entry_unfolded_pyramid_orthogonal
Depths:1: minmay_quarter_circles, layout_basic, enter_ziggurat_d,
          minmay_misc_feat_square, lightli_too_deep, chequers_jeans,
          minmay_misc_feat_rows, drop_trap, serial_sigils_hangedman_leer,
          st_stairs_11, minmay_alternating_orb
Depths:2: dreamdust_cat_pyramid, layout_cave_shapes, minmay_misc_feat_chi,
          pan_entry, hell_entry, minmay_staircase_bubble
Depths:3: cheibrodos_birdhouse, layout_long_grid,
          nicolae_abyss_entry_one_way_or_another, hangedman_coc_ice_floe,
          lemuel_doored_altar, infiniplex_staircase_pillars_1
Depths:4: grunt_zot_entry_gee_three, layout_honeycomb, pf_hell_entry_tar_river,
          abyss_entry, serial_shops, shop, minmay_fountain_box
Zot:1:    layout_onion_interference
Zot:2:    layout_misc_corridors, gammafunk_ghost_cemetery,
          hangedman_feature_mirror, guppyfry_library_mini
Zot:3:    layout_onion_interference
Zot:4:    layout_twisted_circle
Zot:5:    layout_onion

Skill      XL: |  1  2  3  4  5  6  7  8  9 10 11 12 13 14 15 16 17 18 19 20 21 22 23 24 |
---------------+-------------------------------------------------------------------------+-----
Ranged Weapons | 4 5 6 7 9 10 12 13 15 16 18 19 20 | 20.0
Fighting       | 3 4 5 6 7 9 10 12 15 17 19 20 | 20.0
Dodging        | 4 6 9 11 13 15 16 17 18 20 | 20.0
Invocations    | 4 7 16 22 | 22.5
Shields        | 5 10 12 15 16 18 20 | 20.0
Stealth        | 1 8 10 | 10.0

Action                   |  1- 3 |  4- 6 |  7- 9 | 10-12 | 13-15 | 16-18 | 19-21 | 22-24 | 25-27 || total
-------------------------+-------+-------+-------+-------+-------+-------+-------+-------+-------++-------
Melee: Shortbow          |       |       |     4 |     1 |       |       |       |       |       ||     5
       Tailslap          |       |       |       |     1 |       |       |       |       |       ||     1
 Fire: Shortbow          |   115 |   153 |   594 |   210 |       |       |       |       |       ||  1072
       Arbalest          |       |       |       |   159 |    15 |       |       |       |       ||   174
       Longbow           |       |       |       |   404 |  1207 |    27 |   270 |       |       ||  1908
       Hand crossbow     |       |       |       |       |   180 |   853 |  1435 |  2785 |   103 ||  5356
Invok: Shadow Step       |       |       |       |       |       |       |       |     1 |     2 ||     3
       Shadow Form       |       |       |       |       |       |       |       |     1 |     2 ||     3
 Abil: Breathe Frost     |       |       |    16 |    28 |    24 |    14 |    13 |    15 |       ||   110
Evoke: Wand              |       |     8 |     2 |    11 |    25 |     1 |     8 |    12 |     3 ||    70
       Piece from Xom's  |       |       |       |     3 |       |       |       |       |       ||     3
       Condenser vane    |       |       |       |     1 |     1 |       |     2 |       |       ||     4
       Phial of floods   |       |       |       |       |       |       |     1 |       |       ||     1
       Lightning rod     |       |       |       |       |       |       |       |     4 |       ||     4
  Use: Scroll            |       |    12 |     8 |    12 |     8 |     7 |    10 |    24 |     3 ||    84
       Potion            |       |     3 |    11 |     5 |     3 |     2 |     5 |    20 |     1 ||    50
Armor: Skin              |     7 |    22 |   103 |   103 |   106 |    62 |   145 |   358 |     5 ||   911
Dodge: Dodged            |    12 |    44 |   228 |   382 |   732 |   239 |   874 |  1403 |    43 ||  3957
Block: Tower shield      |       |       |       |       |    72 |   390 |  1227 |  2341 |    83 ||  4113

Table legend: (Time is in decaauts)
 A = Elapsed time spent in this place.
 B = Non-inter-level travel time spent in this place.
 C = Inter-level travel time spent in this place.
 D = Time resting spent in this place.
 E = Time spent auto-exploring this place.
 F = Levels seen in this place.
 G = Mean time per level.
                   A        B        C        D        E       F      G
               +--------+--------+--------+--------+--------+-----+--------+
         Total |  69821 |  66630 |   3191 |  19996 |  29462 |  58 | 1203.8 |
       Dungeon |  17934 |  16842 |   1092 |   3206 |  10011 |  15 | 1195.6 |
        Temple |    211 |    191 |     20 |      0 |    178 |   1 |  211.0 |
          Lair |   5485 |   5210 |    275 |    543 |   3514 |   5 | 1097.0 |
         Swamp |   4504 |   4258 |    246 |   1329 |   2142 |   4 | 1126.0 |
     Snake Pit |   5300 |   5037 |    263 |   1293 |   2550 |   4 | 1325.0 |
  Orcish Mines |   1554 |   1415 |    139 |    166 |    714 |   2 |  777.0 |
   Elven Halls |   3281 |   3097 |    184 |    839 |   1379 |   3 | 1093.7 |
        Vaults |   8505 |   8121 |    384 |   2337 |   4096 |   4 | 2126.2 |
         Crypt |   4741 |   4414 |    327 |   1457 |   1729 |   3 | 1580.3 |
        Depths |   9167 |   8911 |    256 |   4087 |   3075 |   4 | 2291.8 |
           Zot |   4413 |   4413 |      0 |   2986 |      0 |   5 |  882.6 |
         Abyss |   2798 |   2798 |      0 |    995 |      0 |   5 |  559.6 |
        Bailey |    574 |    574 |      0 |    288 |      0 |   1 |  574.0 |
      Ice Cave |   1071 |   1071 |      0 |    420 |     72 |   1 | 1071.0 |
       Volcano |    277 |    277 |      0 |     46 |      0 |   1 |  277.0 |
               +--------+--------+--------+--------+--------+-----+--------+

Top non-repeatable levels by time:
Depths:1: 3321 daAuts
Vaults:2: 2791 daAuts
   Zot:2: 2645 daAuts
Depths:4: 2636 daAuts
Vaults:1: 2259 daAuts
     D:4: 2242 daAuts
 Crypt:3: 2064 daAuts
Vaults:3: 1978 daAuts
Depths:3: 1842 daAuts
 Snake:4: 1803 daAuts
     D:9: 1653 daAuts
 Swamp:4: 1642 daAuts
 Abyss:4: 1575 daAuts
     D:6: 1574 daAuts
     D:8: 1566 daAuts
